 Dungeon Crawl Stone Soup version 0.28-a0-991-g956f0ee3d5 (webtiles) character file.

Game seed: 16267901302101996291

46 vurker the Gusty (level 3, 0/15 HPs)
             Began as a Felid Air Elementalist on Dec 4, 2021.
             Succumbed to an adder's poison
             ... on level 2 of the Dungeon.
             The game lasted 00:01:04 (1503 turns).

vurker the Gusty (Felid Air Elementalist)           Turns: 1503, Time: 00:01:05

Health: 0/15       AC:  1    Str:  4    XL:     3   Next: 44%
Magic:  0/7        EV: 17    Int: 18    God:
Gold:   45         SH:  0    Dex: 14    Spells: 6/7 levels left
                                        Lives:  0   Deaths: 0

rFire   . . .      SeeInvis +   (weapon unavailable)
rCold   . . .      Faith    .   (shield unavailable)
rNeg    . . .      Spirit   .   (armour unavailable)
rPois   .          Reflect  .   (helmet unavailable)
rElec   .          Harm     .   (cloak unavailable)
rCorr   .          Rampage  .   (gloves unavailable)
Will    .....      Clarity  +   (boots unavailable)
Stlth   ++........              (no amulet)
HPRegen 0.05/turn               (no ring)
MPRegen 0.10/turn               (no ring)

@: lethally poisoned (0 -> -1), hasted, very quick
A: very small, claws 1, fangs 3, see invisible, speed 1, shaggy fur 1, stealthy
paws, no weapons or thrown items, no armour, multi-lived, clarity, clumsy 1,
sense surroundings 1
a: no special abilities


You were on level 2 of the Dungeon.
You visited 1 branch of the dungeon, and saw 2 of its levels.

You collected 45 gold pieces.

Inventory:

Scrolls
 a - 2 scrolls of immolation {unknown}
 b - a scroll of torment {unknown}


   Skills:
 + Level 1.1 Fighting
 - Level 2.6 Dodging
 - Level 2.6 Stealth
 * Level 2.6 Spellcasting
 + Level 1.3 Conjurations
 * Level 3.2 Air Magic


You had 6 spell levels left.
You knew the following spells:

 Your Spells              Type           Power      Damage    Failure   Level
a - Shock                 Conj/Air       40%        1d5       7%          1

Your spell library contained the following spells:

 Spells                   Type           Power      Damage    Failure   Level
 Static Discharge         Conj/Air       10%        N/A       10%         2
 Swiftness                Air            14%        N/A       14%         3
 Airstrike                Air            7%         N/A       41%         4


Dungeon Overview and Level Annotations

Branches:
Dungeon (2/15)

Altars:


Innate Abilities, Weirdness & Mutations

You have sharp claws.
You have razor-sharp teeth.
You have supernaturally acute eyesight. (SInv)
You cover ground quickly. (Speed+)
You are covered in fur. (AC +1)
Your paws help you pounce on unaware monsters.
You are incapable of wielding weapons or throwing items.
You cannot wear armour.
You gain extra lives every three experience levels.
You possess an exceptional clarity of mind.
You are clumsy. (Dex -2)
You passively map a small area around you.


Message History

Partly explored, can't reach some places.
Partly explored, can't reach some places.
You scratch the plant.
The plant begins to die.
You bite the plant. You scratch the plant. You bite the plant.
You scratch the plant but do no damage. You scratch the plant.
A nearby plant withers and dies.
A bat comes into view.
The zap hits the bat.
The zap misses the bat.
The bat closely misses you.
The zap hits the bat.
You kill the bat!
You can't see any susceptible monsters within range! (Use Z to cast anyway.)
You can't see any susceptible monsters within range! (Use Z to cast anyway.) Done exploring.
Done exploring.
Done exploring.
Done exploring.
There is a stone staircase leading down here.
You climb downwards.
Found an inky potion and 22 stones.
Found a stone staircase leading down.
There is a stone staircase leading up here.
There is a stone staircase leading down here.
The zap hits the adder.
The zap misses the adder.
The zap misses the adder. x2; The adder bites you.
The zap misses the adder.
The zap hits the adder.
The adder bites you.
You are poisoned.
The adder poisons you! The rat closely misses you.
The adder bites you but does no damage.
The zap misses the adder. x2
* * * LOW HITPOINT WARNING * * *
You feel sick. The rat barely misses you. The adder completely misses you.
The zap misses the adder.
The zap hits the adder.
You feel sick. The rat completely misses you. The adder misses you.
The zap hits the adder.
You kill the adder!
You feel sick. The rat bites you.
* * * LOW HITPOINT WARNING * * *
Okay, then.
It was a potion of haste.
You feel yourself speed up.
* * * LOW HITPOINT WARNING * * *
You feel sick. The rat barely misses you.
It was a potion of mutation.
You feel extremely strange.
Your thoughts seem clearer.
You feel a strange attunement to the structure of the dungeons.
You feel clumsy.
* * * LOW HITPOINT WARNING * * *
You feel sick. The rat closely misses you.
Aim: a rat (68% to hit)
The zap hits the rat.
You kill the rat!
You die...

*, ,* *
#.## * #...
, * #..# *
* #..# * #
#.(#
#.###..## ,
*
.#.......#
,
.......@.#
*
.!.....<.#
#######.##*
* #.. ####
* * *


There were no monsters in sight!

Vanquished Creatures
  An adder (D:2)
  A dart slug (D:1)
  2 endoplasms (D:1)
  3 giant cockroaches (D:1)
  7 goblins (D:1)
  2 hobgoblins (D:1)
  4 kobolds (D:1)
  2 ball pythons (D:1)
  4 bats (D:1)
  A frilled lizard (D:1)
  3 rats
30 creatures vanquished.

Vanquished Creatures (others)
  A plant (D:1)
1 creature vanquished.

Grand Total: 31 creatures vanquished

Notes
Turn   | Place    | Note
-------+----------+-------------------------------------------
     0 | D:1      | vurker the Felid Air Elementalist began the quest for the
                  | Orb.
     0 | D:1      | Reached XP level 1. HP: 7/7 MP: 4/4
   114 | D:1      | Reached skill level 1 in Conjurations
   191 | D:1      | Found a faded altar of an unknown god.
   227 | D:1      | Reached XP level 2. HP: 12/12 MP: 4/6
   512 | D:1      | Reached skill level 3 in Air Magic
  1075 | D:1      | Reached XP level 3. HP: 15/15 MP: 5/7
  1109 | D:1      | Reached skill level 1 in Fighting
  1502 | D:2      | Gained mutation: You possess an exceptional clarity of
                  | mind. [potion of mutation]
  1502 | D:2      | Gained mutation: You passively map a small area around you.
                  | [potion of mutation]
  1502 | D:2      | Gained mutation: You are clumsy. (Dex -2) [potion of
                  | mutation]
  1503 | D:2      | Succumbed to an adder's poison

Illustrated notes

Levels and vault maps discovered:
D:1:      psy_arrival_statuary, layout_loops_ring,
          shapermc_ecumenical_altar_mp_ritualfount,
          chequers_serial_rivers_micro_c
D:2:      layout_loops_ring, uniq_crazy_yiuf_cottage

Skill      XL: |  1  2  3 |
---------------+----------+-----
Conjurations   | 1 |  1.3
Air Magic      | 3 |  3.2
Fighting       | 1 |  1.1
Dodging        | |  2.6
Stealth        | |  2.6
Spellcasting   | |  2.6

Action                   || total
-------------------------++-------
Melee: Unarmed           ||     9
       Bite              ||     3
 Cast: Shock             ||    66
  Use: Potion            ||     2
Armor: Skin              ||     2
Dodge: Dodged            ||    20

Table legend: (Time is in decaauts)
 A = Elapsed time spent in this place.
 B = Non-inter-level travel time spent in this place.
 C = Inter-level travel time spent in this place.
 D = Time resting spent in this place.
 E = Time spent auto-exploring this place.
 F = Levels seen in this place.
 G = Mean time per level.
                   A        B        C        D        E       F      G
               +--------+--------+--------+--------+--------+-----+--------+
         Total |   1374 |   1356 |     18 |      0 |   1217 |   2 |  687.0 |
       Dungeon |   1374 |   1356 |     18 |      0 |   1217 |   2 |  687.0 |
               +--------+--------+--------+--------+--------+-----+--------+

Top non-repeatable levels by time:
     D:1: 1365 daAuts
     D:2: 9 daAuts
